 Dungeon Crawl Stone Soup version 0.20.0-15-g7f486f2 (webtiles) character file.

627739 Mysteryquy the Conqueror (level 27, -3/199 HPs)
             Began as a Gargoyle Fighter on June 18, 2017.
             Was the Champion of Okawaru.
             Slain by an Orb Guardian (24 damage)
             ... on level 5 of the Realm of Zot.
             The game lasted 03:02:14 (60669 turns).

Mysteryquy the Conqueror (Gargoyle Fighter)        Turns: 60669, Time: 03:02:14

Health: -3/199     AC: 77    Str: 40    XL:     27
Magic:  0/30       EV:  8    Int: 10    God:    Okawaru [******]
Gold:   5181       SH: 12    Dex: 17    Spells: 26/26 levels left

rFire    . . .     SeeInvis +   r - +3 demon whip (vamp)
rCold    . . .     Gourm    .   N - +2 buckler "Uhiatom" {*Drain rN+ MR++ Str+4}
rNeg     + + +     Faith    .   T - +14 crystal plate armour of Cuhugepne {MP+9 Slay+2 SInv}
rPois    ∞         Spirit   +   I - +2 helmet {SInv}
rElec    +         Reflect  .   J - +2 cloak {MR+}
rCorr    .         Harm     .   C - +2 pair of gloves {archery}
MR       +++++                  t - +1 pair of boots
Stlth    ..........             M - amulet "Opnimol" {Spirit Dex+5}
Regen    0.5/turn               q - ring "Quthrael" {rPois rN+ MP-9 Str+7 Stlth+}
MPRegen  0.3/turn               A - ring of protection from magic

@: flying, very slightly contaminated, hasted, studying Ice Magic, invisible,
very quick
A: big wings, negative energy resistance 1, electricity resistance, unbreathing,
petrification resistance, rot immunity, subdued magic 1, AC +20
}: 3/15 runes: serpentine, barnacled, silver
a: Stop Flying, Heroism, Finesse, Renounce Religion


You were on level 5 of the Realm of Zot.
You worshipped Okawaru.
Okawaru was exalted by your worship.
You were not hungry.

You visited 10 branches of the dungeon, and saw 49 of its levels.
You visited the Abyss 2 times.
You also visited: Volcano and Desolation.

You collected 5943 gold pieces.
You spent 762 gold pieces at shops.

Inventory:

Hand Weapons
 c - the +4 morningstar of Tenacity {flame, Fragile rF+ MP+9 Stlth+}
   (Okawaru gifted it to you on level 1 of the Elven Halls)

   It has been specially enchanted to burn those struck by it, causing extra
   injury to most foes and up to half again as much damage against particularly
   susceptible opponents.
   It protects you from fire.
   It affects your magic capacity (+9).
   It will be destroyed if unequipped.
   It makes you more stealthy.
 r - a +3 vampiric demon whip (weapon)
 E - the +6 mace "Tomulam" {drain, rF+ Int+4 Dex+4}
   (You found it on level 2 of the Depths)

   A truly terrible weapon, it drains the life of those it strikes.
   It affects your intelligence (+4).
   It affects your dexterity (+4).
   It protects you from fire.
 F - a +2 whip of holy wrath
 P - the +6 morningstar "Xicuc" {crush, MR+++}
   (Okawaru gifted it to you on level 1 of the Snake Pit)

   It inflicts extra damage upon your enemies.
   It affects your resistance to hostile enchantments.
Armour
 t - a +1 pair of boots (worn)
 C - a +2 pair of gloves of archery (worn)
 G - a +2 pair of boots of stealth
 I - a +2 helmet of see invisible (worn)
 J - a +2 cloak of magic resistance (worn)
 N - the +2 buckler "Uhiatom" (worn) {*Drain rN+ MR++ Str+4}
   (You found it on level 5 of the Vaults)

   It affects your strength (+4).
   It protects you from negative energy.
   It affects your resistance to hostile enchantments.
   It causes draining when unequipped.
 T - the +14 crystal plate armour of Cuhugepne (worn) {MP+9 Slay+2 SInv}
   (Okawaru gifted it to you on level 5 of the Lair of Beasts)

   It affects your accuracy and damage with ranged weapons and melee attacks
   (+2).
   It affects your magic capacity (+9).
   It lets you see invisible.
Jewellery
 q - the ring "Quthrael" (left hand) {rPois rN+ MP-9 Str+7 Stlth+}
   (You found it on level 3 of the Depths)

   [ring of poison resistance]

   It affects your strength (+7).
   It protects you from poison.
   It protects you from negative energy.
   It affects your magic capacity (-9).
   It makes you more stealthy.
 y - an uncursed amulet of harm
 A - a ring of protection from magic (right hand)
 M - the amulet "Opnimol" (around neck) {Spirit Dex+5}
   (You took it off an ironheart preserver on level 5 of the Vaults)

   [amulet of guardian spirit]

   It causes incoming damage to be split between your health and magic.
   It affects your dexterity (+5).
 O - an uncursed amulet of guardian spirit
 Q - an uncursed ring of protection from cold {unknown}
 S - an uncursed ring of positive energy {unknown}
 X - an uncursed ring of resist corrosion {unknown}
Wands
 R - a wand of flame (22/48)
 Y - a wand of random effects (19/48)
 Z - a wand of confusion (29/48)
Scrolls
 b - 7 scrolls of enchant armour
 e - a scroll of enchant weapon
 i - 2 scrolls of fog
 j - 12 scrolls of remove curse
 l - 5 scrolls of amnesia
 m - 5 scrolls of recharging
 n - 21 scrolls of identify
 z - 2 scrolls of summoning
 H - 15 scrolls of teleportation
 U - 6 scrolls of fear
 V - 2 scrolls of silence
 W - a scroll of holy word
Potions
 a - 3 potions of magic
 d - a potion of might
 k - 8 potions of cancellation
 o - 4 potions of ambrosia
 s - 4 potions of invisibility
 x - 3 potions of haste
 B - 23 potions of curing
 D - 2 potions of heal wounds
 L - 2 potions of resistance
Books
 v - a manual of Ice Magic
 K - the Collected Works on Air and the Mountains
   (You found it on level 2 of the Depths)

   Spells                             Type                      Level
   a - Bolt of Magma                  Conjuration/Fire/Earth       5
   b - Conjure Ball Lightning         Conjuration/Air              6
   c - Statue Form                    Transmutation/Earth          6
Comestibles
 f - 23 bread rations
 g - 25 meat rations
 h - 20 royal jellies
 p - 2 chunks of flesh
 w - 73 fruits


   Skills:
 O Level 27 Fighting
 + Level 25.4 Maces & Flails
 + Level 21.1 Armour
 + Level 23.8 Shields
 - Level 10.2 Invocations


You had 26 spell levels left.
You didn't know any spells.

Dungeon Overview and Level Annotations

Branches:
Dungeon (15/15)            Temple (1/1) D:5            Lair (6/6) D:8
 Shoals (4/4) Lair:2        Snake (4/4) Lair:2        Slime (0/5) Lair:6
    Orc (2/2) D:12            Elf (2/3) Orc:2        Vaults (5/5) D:14
  Crypt (0/3) Vaults:3     Depths (5/5) D:15            Zot (5/5) Depths:5

Altars:
Ashenzari
Cheibriados
Dithmenos
Elyvilon
Fedhas
Gozag
Hepliaklqana
Kikubaaqudgha
Makhleb
Nemelex Xobeh
Okawaru
Qazlal
Ru
Sif Muna
Trog
Uskayaw
Vehumet
Xom
Yredelemnul
Zin
The Shining One
Beogh

Shops:
D:4 !   D:8 [(![=   D:15 *   Orc:2 **![   Elf:1 **   Vaults:1 (   Vaults:2 :*
Vaults:3 (   Vaults:4 %   Depths:3 *

Portals:
Hell: Depths:2 Depths:3 Depths:4 Depths:5
Abyss: Depths:4 Depths:5
Pandemonium: Depths:2 Depths:3
Ziggurat: Depths:5

Annotations:
Lair:2 exclusion: oklob plant
Depths:1 Margery


Innate Abilities, Weirdness & Mutations

You are resistant to torment.
Your stone body is resilient. (AC +20)
You are immune to poison.
Your large and strong wings let you fly indefinitely.
You resist negative energy. (rN+)
You are resistant to electric shocks. (rElec)
You can survive without breathing.
You are immune to petrification.
You are immune to rotting.
Your spells are a little easier to cast, but a little less powerful.


Message History

You block the golden dragon's attack. x2; The golden dragon tramples you!
* * * LOW HITPOINT WARNING * * *
You hold your ground!
The Orb Guardian hits you.
* * * LOW HITPOINT WARNING * * *
Your blink will be uncontrolled - continue anyway?
The Orb prevents control of your translocation!
You blink.
As you read the scroll of blinking, it crumbles to dust.
You hear a deafening roar!
Your blink will be uncontrolled - continue anyway?
The Orb prevents control of your translocation!
You blink.
As you read the scroll of blinking, it crumbles to dust.
The Orb Guardian avoids a huge, swinging blade.
Okay, then.
You feel much better. The Orb Guardian barely misses you.
You block the Orb Guardian's attack.
A quicksilver dragon comes into view.
You feel yourself speed up. The Orb Guardian hits you!!
You die...

...#####.......#.......).###.....
⌠.## ##..............).))........
.## #...........[...............
##***##▓▓▓▓########.########▓▓▓▓#
,,,,,,** #...............# **
,,,,,,,** *#.............## ##.
,,,,,,,,** #.....y.......# ##..
,,,,,,,,,* ##..XD.......## #...
,,,,,,,,,* #).@...3...^# #...
,,,,,,,,,* ##^..........## #...
,,,,,,,,,* #.............# #...
,,,,,,,,,* *#.............## #...
,,,,,,,,,**#...............###...
,,,,,,,,**#...###########...###.y
,,,,,,,*#.D..#* ##....##.
,,,,,,,....##* ###..^.3
*******▓▓▓▓* #▓▓▓▓▓


You could see a golden dragon (berserk), a quicksilver dragon, an Orb Guardian
(berserk), a soul eater and a moth of wrath.

Vanquished Creatures
  Mara (Depths:2)
  An ancient lich (Vaults:5)
  Frederick (Vaults:2)
  Vashnia (Snake:4)
  Bai Suzhen (Vaults:2)
  A caustic shrike (Depths:3)
  2 curse toes
  5 Killer Klowns
  Nikola (Snake:1)
  10 golden dragons
  A lich (Vaults:5)
  5 electric golems
  9 Orb Guardians (Zot:5)
  14 tentacled monstrosities
  Asterion (Vaults:2)
  5 quicksilver dragons
  6 titans (Vaults:5)
  9 death cobs
  12 tengu reavers
  5 sphinxes
  19 storm dragons
  16 shadow dragons
  Donald (Elf:1)
  Ilsuiw (Shoals:4)
  9 nagarajas
  5 draconian monks
  A deep elf sorcerer (Elf:1)
  16 frost giants
  An imperial myrmidon (Elf:2)
  2 orc warlords
  A ghost moth (Zot:2)
  Louise (Snake:2)
  2 iron dragons
  18 vault wardens
  8 draconian scorchers
  19 fire giants
  10 draconian knights
  10 draconian shifters
  A spriggan defender (Depths:2)
  2 draconian annihilators
  The ghost of NoAnimeNoLife the Quickloader, a journeyman DsFi of Qazlal (Elf:1)
  The ghost of dion0 the Fighter, a journeyman DsBe of Trog (Snake:1)
  A draconian stormcaller (Zot:1)
  24 very ugly things
  15 ironheart preservers
  3 war gargoyles (Vaults:5)
  4 entropy weavers
  A juggernaut skeleton (Depths:3)
  A vampire knight (Depths:2)
  2 grey draconians (Depths:5)
  Nessos (Lair:5)
  25 stone giants
  15 black draconians
  18 green draconians
  10 yellow draconians
  13 red draconians
  11 white draconians
  A dire elephant (Zot:2)
  2 deep elf annihilators
  A spark wasp (shapeshifter) (Vaults:5)
  5 spark wasps
  10 purple draconians
  A crystal guardian (Vaults:3)
  8 merfolk javelineers
  An ettin (shapeshifter) (Vaults:5)
  2 jiangshi (Depths:5)
  18 ettins
  3 deep elf death magi
  10 merfolk impalers
  19 yaktaur captains
  2 servants of whispers (Desolation)
  4 deep elf high priests
  15 fire dragons
  3 ragged hierophants (Desolation)
  5 hydras
  5 naga warriors
  2 peacekeepers (Desolation)
  9 rakshasas
  4 spriggan air magi
  10 great orbs of eyes
  3 merfolk avatars
  12 ice dragons
  33 vault guards
  16 anacondas
  2 death knights
  14 centaur warriors
  16 ogre magi
  13 merfolk aquamancers
  7 deep troll earth magi
  2 alligator snapping turtles (Shoals:3)
  7 dancing weapons
  8 deep troll shamans
  15 naga sharpshooters
  An orc high priest (Orc:1)
  4 vampire magi
  56 two-headed ogres
  4 tengu warriors
  A queen ant (Lair:3)
  4 spriggan berserkers
  3 satyrs
  9 hell knights
  Nergalle (D:10)
  Sonja (Orc:2)
  12 deep elf knights
  7 shock serpents
  7 shadow wraiths
  4 salamander mystics
  A fire crab (shapeshifter) (Depths:2)
  A skeletal warrior (Vaults:3)
  2 spark wasp zombies
  An iron troll (Depths:1)
  A fire crab (Volcano)
  4 small abominations
  2 unseen horrors
  A glowing orange brain (shapeshifter) (Vaults:5)
  A storm dragon skeleton (Depths:1)
  20 sea snakes
  3 wizards
  7 naga ritualists
  7 phantasmal warriors
  9 glowing orange brains
  26 deep trolls
  An anaconda skeleton (Abyss:1)
  3 flayed ghosts
  2 lindwurms
  10 deep elf archers
  18 orc knights
  19 ironbrand convokers
  7 necromancers
  3 golden dragon skeletons
  23 harpies
  6 mana vipers
  A tengu zombie (Depths:3)
  35 deep elf magi
  A wolf spider (Vaults:4)
  A tengu skeleton (Vaults:3)
  3 orc sorcerers
  52 ugly things
  5 cyclopes
  A faun (shapeshifter) (Vaults:2)
  3 frost giant skeletons
  7 fauns
  2 elephants
  12 salamanders
  A stone giant skeleton (Depths:3)
  11 manticores
  A fire giant zombie (Vaults:5)
  15 merfolk sirens
  A human skeleton (Vaults:5)
  2 stone giant zombies
  17 vault sentinels
  24 moths of wrath
  3 molten gargoyles
  Maurice (D:10)
  37 black mambas
  Psyche (D:12)
  A torpor snail (Lair:5)
  5 water nymphs
  7 spiny frogs
  19 naga magi
  A gargoyle (D:15)
  3 human zombies
  A spiny frog (shapeshifter) (Depths:5)
  72 yaktaurs
  4 rime drakes
  A rime drake (shapeshifter) (Depths:5)
  9 tengu conjurers
  10 freezing wraiths
  5 komodo dragons
  An ancient zyme (Abyss:1)
  2 jumping spiders (Vaults:3)
  6 trolls
  A wolf spider simulacrum (D:15)
  A hornet (shapeshifter) (Vaults:4)
  35 merfolk
  3 polar bears
  35 slime creatures
  A sphinx simulacrum (Depths:1)
  10 hippogriffs
  3 hornets
  A raiju (shapeshifter) (Vaults:1)
  A tengu simulacrum (Vaults:3)
  A dream sheep (shapeshifter) (Depths:2)
  9 wind drakes
  9 saltlings (Desolation)
  Prince Ribbit (D:7)
  A fire giant simulacrum (Vaults:3)
  7 snapping turtles
  6 dream sheep
  A spriggan zombie (Depths:3)
  15 blink frogs
  A snapping turtle (shapeshifter) (Depths:3)
  A slime creature (shapeshifter) (Depths:4)
  2 spriggans (shapeshifter)
  A centaur simulacrum (D:14)
  6 wyverns
  A shadow (D:10)
  5 air elementals
  4 redbacks
  3 tarantellas (shapeshifter)
  2 wraiths
  A yak (shapeshifter) (Vaults:3)
  3 elf zombies
  33 water elementals
  2 tarantellas
  2 hogs (D:10)
  2 fire elementals
  9 humans
  12 basilisks
  A human simulacrum (Vaults:3)
  60 yaks
  A human (shapeshifter) (D:13)
  2 vampire mosquitoes (D:12)
  The ghost of Mysteryquy the Conjurer, an amateur DrCj (D:5)
  2 steam dragons (Lair:6)
  5 wargs
  66 nagas
  A naga (shapeshifter) (Vaults:5)
  6 acid dragons
  5 soldier ants (Lair:3)
  5 hell hounds
  8 water moccasins
  8 porcupines
  53 orc warriors
  2 sky beasts
  An ice beast (shapeshifter) (Vaults:2)
  An eye of draining (D:10)
  A black bear (shapeshifter) (Depths:2)
  A black bear (D:8)
  An elf skeleton (Vaults:4)
  A necrophage (D:15)
  An ice beast (D:6)
  49 ogres
  10 boggarts
  2 phantoms
  A wolf (shapeshifter) (Vaults:1)
  30 centaurs
  5 big kobolds
  9 crocodiles
  2 wyvern zombies
  A glowing shapeshifter simulacrum (Vaults:4)
  19 bullfrogs
  An earth elemental (Elf:1)
  A scorpion (D:3)
  A wyvern skeleton (D:7)
  12 killer bees
  7 wights
  An electric eel (Orc:2)
  A howler monkey (D:14)
  4 centaur zombies
  2 bullfrog zombies
  4 crimson imps
  5 lava snakes (Lair:6)
  5 jellies
  A quasit (D:12)
  7 hounds
  21 orc priests
  20 orc wizards
  2 bullfrog skeletons
  Ijyb (D:5)
  6 centaur skeletons
  5 iguanas
  Natasha (thrice) (D:2)
  40 worker ants
  A worker ant zombie (D:11)
  Robin (D:2)
  8 gnolls
  13 adders
  2 shadow imps
  A white imp (Depths:4)
  An ufetubus (Depths:3)
  An ooze (Lair:6)
  An adder zombie (D:9)
  2 adder skeletons
  5 worms
  3 dart slugs
  4 leopard geckos
  107 orcs
  A ball python (D:1)
  7 giant cockroaches
  12 goblins
  11 hobgoblins
  19 jackals
  5 quokkas
  7 bats
  5 frilled lizards
  4 hobgoblin zombies (D:5)
  A jackal skeleton (D:5)
  A jackal zombie (D:6)
  27 kobolds
  A kobold skeleton (D:5)
  A kobold zombie (D:5)
  2 orc zombies (D:5)
  A quokka skeleton (D:5)
  A quokka zombie (D:5)
  A rat (shapeshifter) (Depths:5)
  7 rats
  A plant (Shoals:4)
2351 creatures vanquished.

Vanquished Creatures (others)
  A fire giant (Depths:5)
  An anaconda (Snake:1)
  A naga sharpshooter (Snake:1)
  2 deep elf knights
  A deep elf mage (Elf:1)
  A naga mage (Snake:1)
  A saltling (Desolation)
  A blink frog (Lair:6)
  An air elemental (Depths:4)
  2 yaks
  4 nagas
  A hell hound (Lair:6)
  2 boggarts
  An ogre (Vaults:5)
  2 electric eels (D:13)
  An orc wizard (Vaults:5)
  3 orcs
  A fungus (Lair:5)
  24 plants
  4 starspawn tentacles (Abyss:2)
55 creatures vanquished.

Grand Total: 2406 creatures vanquished

Notes
Turn   | Place    | Note
-------+----------+-------------------------------------------
     0 | D:1      | Mysteryquy the Gargoyle Fighter began the quest for the Orb.
     0 | D:1      | Reached XP level 1. HP: 14/14 MP: 1/1
    51 | D:1      | Reached XP level 2. HP: 19/19 MP: 2/2
   380 | D:1      | Reached XP level 3. HP: 9/23 MP: 3/3
  1242 | D:2      | Reached XP level 4. HP: 27/28 MP: 4/4
  1277 | D:2      | Noticed Robin
  1284 | D:2      | Killed Robin
  1504 | D:2      | Noticed Natasha
  1514 | D:2      | Killed Natasha
  1514 | D:2      | Reached XP level 5. HP: 22/32 MP: 5/5
  1645 | D:2      | Noticed Natasha
  1655 | D:2      | Killed Natasha
  1655 | D:2      | Reached skill level 5 in Maces & Flails
  1839 | D:2      | Noticed Natasha
  1857 | D:2      | Killed Natasha
  2110 | D:3      | Found a shimmering altar of Xom.
  2112 | D:3      | Found a shimmering altar of Xom.
  2112 | D:3      | Found a shimmering altar of Xom.
  2112 | D:3      | Found a shimmering altar of Xom.
  2112 | D:3      | Found a shimmering altar of Xom.
  2124 | D:3      | Reached XP level 6. HP: 34/37 MP: 6/6
  2125 | D:3      | Found a shimmering altar of Xom.
  2125 | D:3      | Found a shimmering altar of Xom.
  2764 | D:4      | Found Emaisid's Distillery.
  2772 | D:4      | Bought 2 potions of degeneration for 24 gold pieces
  3411 | D:3      | Reached XP level 7. HP: 37/41 MP: 7/7
  3619 | D:5      | Entered Level 5 of the Dungeon
  3645 | D:5      | Noticed Ijyb
  3867 | D:5      | Killed Ijyb
  4196 | D:5      | Noticed Mysteryquy's ghost (amateur DrCj)
  4219 | D:5      | Killed Mysteryquy's ghost
  4219 | D:5      | Reached XP level 8. HP: 34/46 MP: 8/8
  4305 | D:5      | Found a glowing golden altar of the Shining One.
  4773 | D:5      | Found a staircase to the Ecumenical Temple.
  5084 | Temple   | Entered the Ecumenical Temple
  5288 | Temple   | Became a worshipper of Warmaster Okawaru
  5620 | D:6      | Found a shadowy altar of Dithmenos.
  5622 | D:6      | Reached skill level 10 in Maces & Flails
  5629 | D:6      | Got a heavily runed helmet
  5640 | D:6      | Identified the cursed +0 helmet of the Thinker {*Slow +Fly rPois Dex+5} (You found it on level 6 of the Dungeon)
  5780 | D:6      | Reached * piety under Okawaru
  5919 | D:6      | Found a stormy altar of Qazlal.
  5922 | D:6      | Noticed an air elemental
  5922 | D:6      | Noticed a water elemental
  5941 | D:6      | Reached XP level 9. HP: 51/51 MP: 9/9
  6190 | D:7      | Noticed a troll
  6217 | D:7      | Reached skill level 4 in Fighting
  6235 | D:7      | HP: 2/52 [troll (5)]
  6236 | D:7      | Killed a troll
  6236 | D:7      | Reached ** piety under Okawaru
  6761 | D:7      | Reached skill level 5 in Fighting
  6966 | D:7      | Noticed Prince Ribbit
  6985 | D:7      | Killed Prince Ribbit
  6985 | D:7      | Reached skill level 5 in Armour
  7423 | D:8      | Noticed a two-headed ogre
  7426 | D:8      | Killed a two-headed ogre
  7426 | D:8      | Reached *** piety under Okawaru
  7426 | D:8      | Reached XP level 10. HP: 60/60 MP: 10/10
  7461 | D:8      | Found Ireahoe's Distillery.
  7464 | D:8      | Bought a potion of curing for 42 gold pieces
  7487 | D:8      | Reached skill level 6 in Fighting
  7652 | D:8      | Found Hace Exuo's Antique Armour Shoppe.
  7667 | D:8      | Found Vacucwys's Antique Weapon Boutique.
  7712 | D:8      | Noticed a two-headed ogre
  7746 | D:8      | Reached **** piety under Okawaru
  7935 | D:8      | Found a staircase to the Lair.
  8136 | D:8      | Found Buing's Antique Armour Boutique.
  8308 | D:8      | Found Gadaunai's Jewellery Shoppe.
  8404 | Lair:1   | Entered Level 1 of the Lair of Beasts
  8474 | Lair:1   | Noticed a spiny frog
  8488 | Lair:1   | Killed a spiny frog
  8642 | Lair:1   | Reached ***** piety under Okawaru
  8661 | Lair:1   | Reached skill level 7 in Fighting
  9123 | Lair:1   | Reached XP level 11. HP: 59/67 MP: 11/11
  9143 | Lair:1   | Received a gift from Okawaru
  9674 | D:9      | Killed a two-headed ogre
  9674 | D:9      | Received a gift from Okawaru
  9674 | D:9      | Reached skill level 8 in Fighting
  9752 | D:9      | Identified the Tome of Shifting Confrontation
 10121 | D:10     | Entered Level 10 of the Dungeon
 10554 | D:10     | Noticed Maurice
 10573 | D:10     | Killed Maurice
 10839 | D:10     | Noticed Nergalle
 10881 | D:10     | Killed Nergalle
 10881 | D:10     | Reached skill level 9 in Fighting
 11690 | Lair:2   | Reached XP level 12. HP: 77/77 MP: 12/12
 11805 | Lair:2   | Reached skill level 10 in Fighting
 12293 | Lair:2   | Found a staircase to the Shoals.
 12308 | Lair:2   | Received a gift from Okawaru
 12382 | Lair:2   | Found a staircase to the Snake Pit.
 12703 | Lair:2   | Reached skill level 15 in Maces & Flails
 12770 | Lair:3   | Found a dark tunnel.
 13384 | Lair:3   | Reached skill level 1 in Invocations
 13394 | Volcano  | Entered a volcano
 13866 | Lair:3   | Received a gift from Okawaru
 13875 | Lair:3   | Noticed a queen ant
 13917 | Lair:3   | Killed a queen ant
 13917 | Lair:3   | Reached skill level 5 in Invocations
 14547 | Lair:4   | Reached XP level 13. HP: 84/84 MP: 18/18
 15160 | Lair:4   | Reached ****** piety under Okawaru
 15394 | Lair:5   | Noticed Nessos
 15453 | Lair:5   | Killed Nessos
 15453 | Lair:5   | Reached skill level 10 in Invocations
 15526 | Lair:6   | Entered Level 6 of the Lair of Beasts
 15542 | Lair:6   | Reached skill level 11 in Fighting
 15580 | Lair:5   | Reached skill level 10 in Armour
 15588 | Lair:5   | Received a gift from Okawaru
 15606 | Lair:5   | Got a spiked crystal plate armour {god gift}
 15656 | Lair:5   | Identified the +14 crystal plate armour of Cuhugepne {MP+9 Slay+2 SInv} (Okawaru gifted it to you on level 5 of the Lair of Beasts)
 16212 | Lair:6   | Found a staircase to the Slime Pits.
 16296 | Lair:6   | Reached skill level 5 in Shields
 16445 | Lair:6   | Reached skill level 12 in Fighting
 16757 | Lair:6   | Gained mutation: Your large and strong wings let you fly indefinitely. [Gargoyle growth]
 16757 | Lair:6   | Reached XP level 14. HP: 92/92 MP: 21/21
 16819 | Lair:6   | Found a large runed door.
 16830 | Lair:6   | Found a large runed door.
 17382 | Shoals:1 | Entered Level 1 of the Shoals
 17709 | Shoals:2 | Received a gift from Okawaru
 17830 | Shoals:2 | Found a frozen archway.
 17869 | Shoals:2 | Reached skill level 13 in Fighting
 18791 | Shoals:3 | Received a gift from Okawaru
 19200 | Shoals:3 | Reached XP level 15. HP: 100/100 MP: 22/22
 19288 | Shoals:3 | Reached skill level 14 in Fighting
 19392 | Shoals:3 | Received a gift from Okawaru
 19444 | Shoals:3 | Got a smoking eveningstar {god gift}
 19449 | Shoals:3 | Identified the +10 eveningstar "Rylim" {pain, Fragile Str+5 Int+3} (Okawaru gifted it to you on level 3 of the Shoals)
 19567 | Shoals:3 | Received a gift from Okawaru
 19838 | Shoals:3 | Reached skill level 10 in Shields
 20207 | Shoals:3 | Received a gift from Okawaru
 20710 | Shoals:4 | Entered Level 4 of the Shoals
 20710 | Shoals:4 | Noticed a kraken
 20710 | Shoals:4 | Noticed a kraken
 20710 | Shoals:4 | Noticed a kraken
 20710 | Shoals:4 | Noticed a kraken
 21015 | Shoals:4 | Noticed Ilsuiw
 21407 | Shoals:4 | Reached XP level 16. HP: 107/107 MP: 13/23
 21504 | Shoals:3 | Reached skill level 15 in Fighting
 21655 | Shoals:4 | Killed Ilsuiw
 22041 | Shoals:4 | Received a gift from Okawaru
 22064 | Shoals:4 | Got a steaming scale mail {god gift}
 22301 | Shoals:4 | Got a barnacled rune of Zot
 22583 | Shoals:4 | Identified Xudoi's Papyrus of Malediction
 22961 | Snake:1  | Entered Level 1 of the Snake Pit
 23166 | Snake:1  | Received a gift from Okawaru
 23169 | Snake:1  | Got a crystal morningstar {god gift}
 23172 | Snake:1  | Identified the +6 morningstar "Xicuc" {crush, MR+++} (Okawaru gifted it to you on level 1 of the Snake Pit)
 23400 | Snake:1  | Noticed Nikola
 23512 | Snake:1  | Killed Nikola
 23518 | Snake:1  | Noticed dion0's ghost (journeyman DsBe)
 23568 | Snake:1  | Killed dion0's ghost
 23568 | Snake:1  | Reached skill level 16 in Fighting
 23807 | Snake:1  | Reached XP level 17. HP: 115/115 MP: 24/24
 24234 | Snake:2  | Found a deep blue altar of Sif Muna.
 24334 | Snake:2  | Received a gift from Okawaru
 24573 | Snake:2  | Noticed Louise
 24624 | Snake:2  | Killed Louise
 25100 | Snake:3  | Reached skill level 15 in Armour
 26152 | Snake:4  | Entered Level 4 of the Snake Pit
 26214 | Snake:4  | Received a gift from Okawaru
 26594 | Snake:4  | Reached skill level 17 in Fighting
 26600 | Snake:4  | Noticed Vashnia
 26679 | Snake:4  | Killed Vashnia
 26827 | Snake:4  | Reached XP level 18. HP: 123/123 MP: 25/25
 27007 | Snake:4  | Received a gift from Okawaru
 27282 | Snake:4  | Got a serpentine rune of Zot
 29089 | D:12     | Received a gift from Okawaru
 29126 | D:12     | Found a staircase to the Orcish Mines.
 29143 | D:12     | Noticed Psyche
 29155 | D:12     | Killed Psyche
 30228 | D:13     | Got a smoking pewter ring
 30282 | D:14     | Identified the cursed ring "Tutzett" {Dex+5 Slay-2} (You found it on level 13 of the Dungeon)
 30380 | D:14     | Found a gate to the Vaults.
 30390 | D:14     | Reached skill level 18 in Fighting
 30971 | D:15     | Entered Level 15 of the Dungeon
 31067 | D:15     | Found a staircase to the Depths.
 31124 | D:15     | Found Foanuc's Changing Room.
 31841 | Orc:1    | Entered Level 1 of the Orcish Mines
 32309 | Orc:2    | Entered Level 2 of the Orcish Mines
 32315 | Orc:2    | Reached XP level 19. HP: 130/130 MP: 26/26
 32322 | Orc:2    | Noticed Sonja
 32486 | Orc:2    | Cast into level 1 of the Abyss (Sonja)
 32783 | Orc:2    | Escaped the Abyss
 32813 | Orc:2    | Received a gift from Okawaru
 32901 | Orc:2    | Found Buucobrir's Distillery.
 32901 | Orc:2    | Found Xutou's Assorted Antiques.
 32901 | Orc:2    | Found Usiown's General Store.
 32905 | Orc:2    | Found Myco's Armour Shop.
 33006 | Orc:2    | Bought a potion of heal wounds for 60 gold pieces
 33006 | Orc:2    | Bought a potion of haste for 120 gold pieces
 33006 | Orc:2    | Bought a potion of haste for 120 gold pieces
 33006 | Orc:2    | Bought a potion of heal wounds for 60 gold pieces
 33107 | Orc:2    | Found a roughly hewn altar of Beogh.
 33150 | Orc:2    | Found a staircase to the Elven Halls.
 33173 | Orc:2    | Found a roughly hewn altar of Beogh.
 33179 | Orc:2    | Killed Sonja
 33435 | Elf:1    | Entered Level 1 of the Elven Halls
 33802 | Elf:1    | Received a gift from Okawaru
 33805 | Elf:1    | Got a bone morningstar {god gift}
 33806 | Elf:1    | Identified the +4 morningstar of Tenacity {flame, Fragile rF+ MP+9 Stlth+} (Okawaru gifted it to you on level 1 of the Elven Halls)
 33816 | Elf:1    | Noticed Donald
 33852 | Elf:1    | Killed Donald
 34178 | Elf:1    | Found Noxi's Assorted Antiques.
 34269 | Elf:1    | Found Narapp's Needful Niceties.
 34540 | Elf:1    | Noticed NoAnimeNoLife's ghost (journeyman DsFi)
 34580 | Elf:1    | Killed NoAnimeNoLife's ghost
 34789 | Elf:2    | Found a ruined gateway.
 34847 | Desolati | Entered the Desolation of Salt
 34952 | Desolati | Reached skill level 15 in Shields
 34988 | Desolati | Received a gift from Okawaru
 35450 | Vaults:1 | Entered Level 1 of the Vaults
 35704 | Vaults:1 | Reached skill level 19 in Fighting
 36067 | Vaults:1 | Reached XP level 20. HP: 139/139 MP: 27/27
 36351 | Vaults:1 | Found Akhiniz's Weapon Shoppe.
 37105 | Vaults:2 | Received a gift from Okawaru
 37261 | Vaults:2 | Found Bouga's General Store.
 37373 | Vaults:2 | Noticed Asterion
 37411 | Vaults:2 | Killed Asterion
 37640 | Vaults:2 | Noticed Frederick
 37658 | Vaults:2 | Killed Frederick
 37794 | Vaults:2 | Found Umup's Book Shoppe.
 37952 | Vaults:2 | Noticed Bai Suzhen
 37982 | Vaults:2 | Killed Bai Suzhen
 38007 | Vaults:2 | Reached skill level 20 in Fighting
 38434 | Vaults:2 | Received a gift from Okawaru
 38816 | Vaults:2 | Reached XP level 21. HP: 146/146 MP: 28/28
 39181 | Vaults:3 | Gained mutation: Your spells are a little easier to cast, but a little less powerful. [a neqoxec]
 39771 | Vaults:3 | Received a gift from Okawaru
 39853 | Vaults:3 | Found Nouwkioxa's Weapon Emporium.
 40205 | Vaults:3 | Reached skill level 21 in Fighting
 40209 | Vaults:3 | Cast into level 2 of the Abyss (rakshasa)
 40231 | Abyss:2  | Found a corrupted altar of Lugonu.
 40274 | Abyss:2  | Noticed a bone dragon
 40298 | Abyss:2  | Found a corrupted altar of Lugonu.
 40394 | Vaults:3 | Escaped the Abyss
 40649 | Vaults:3 | Found a staircase to the Crypt.
 40649 | Vaults:3 | Found an ancient bone altar of Kikubaaqudgha.
 40650 | Vaults:3 | Found a basalt altar of Yredelemnul.
 41826 | Vaults:4 | Reached XP level 22. HP: 155/155 MP: 29/29
 42094 | Vaults:4 | Received a gift from Okawaru
 42552 | Vaults:4 | Found Qutuuna's Food Emporium.
 42560 | Vaults:4 | Bought 3 fruits for 63 gold pieces
 42560 | Vaults:4 | Bought a royal jelly for 28 gold pieces
 42560 | Vaults:4 | Bought 4 fruits for 84 gold pieces
 42560 | Vaults:4 | Bought a fruit for 21 gold pieces
 42560 | Vaults:4 | Bought a meat ration for 70 gold pieces
 42560 | Vaults:4 | Bought a meat ration for 70 gold pieces
 43349 | Vaults:5 | Entered Level 5 of the Vaults
 43432 | Vaults:5 | Reached skill level 22 in Fighting
 43478 | Vaults:5 | Received a gift from Okawaru
 43702 | Vaults:4 | Received a gift from Okawaru
 44011 | Vaults:5 | Reached XP level 23. HP: 162/162 MP: 30/30
 44090 | Vaults:5 | Received a gift from Okawaru
 44304 | Vaults:5 | Got a shimmering silver amulet
 44321 | Vaults:5 | Noticed a golden dragon
 44334 | Vaults:5 | Noticed a caustic shrike
 44334 | Vaults:5 | a caustic shrike changed into a quicksilver dragon
 44338 | Vaults:5 | Noticed an ancient lich
 44392 | Vaults:5 | Killed a golden dragon
 44402 | Vaults:5 | Received a gift from Okawaru
 44431 | Vaults:5 | Paralysed by a lich for 2 turns
 44448 | Vaults:5 | Paralysed by a lich for 6 turns
 44716 | Vaults:5 | Got a silver rune of Zot
 44874 | Vaults:5 | Received a gift from Okawaru
 45242 | Vaults:5 | Got a pitted buckler
 45253 | Vaults:5 | Identified the +2 buckler "Uhiatom" {*Drain rN+ MR++ Str+4} (You found it on level 5 of the Vaults)
 45390 | Vaults:5 | Killed an ancient lich
 45412 | Vaults:5 | Reached skill level 23 in Fighting
 45418 | Vaults:5 | Received a gift from Okawaru
 45604 | Vaults:5 | Reached XP level 24. HP: 168/171 MP: 30/30
 45655 | Vaults:5 | Got a shimmering helmet
 45672 | Vaults:5 | Identified the +0 helmet "Ybbui" {rElec Int+3} (You found it on level 5 of the Vaults)
 45697 | Vaults:5 | Identified the amulet "Opnimol" {Spirit Dex+5} (You took it off an ironheart preserver on level 5 of the Vaults)
 46468 | Depths:1 | Entered Level 1 of the Depths
 48394 | Depths:1 | Noticed Margery
 48770 | Depths:2 | Found a glowing silver altar of Zin.
 48779 | Depths:2 | Found a deep blue altar of Sif Muna.
 48787 | Depths:2 | Found a gateway to Hell.
 48788 | Depths:2 | Found a one-way gate leading to the halls of Pandemonium.
 48855 | Depths:2 | Noticed Mara
 48875 | Depths:2 | Killed Mara
 48875 | Depths:2 | Received a gift from Okawaru
 49006 | Depths:2 | Found a shimmering altar of Xom.
 49350 | Depths:2 | Reached XP level 25. HP: 178/178 MP: 30/30
 49397 | Depths:2 | Got a steaming mace
 49490 | Depths:2 | Reached skill level 24 in Fighting
 49834 | Depths:2 | Identified the +6 mace "Tomulam" {drain, rF+ Int+4 Dex+4} (You found it on level 2 of the Depths)
 49839 | Depths:2 | Identified the Collected Works on Air and the Mountains
 50137 | Depths:3 | Received a gift from Okawaru
 50926 | Depths:3 | Got a warped brass ring
 51645 | Depths:3 | Received a gift from Okawaru
 51827 | Depths:3 | Found Lucad's Serpentskin Sales.
 52287 | Depths:3 | Received a gift from Okawaru
 52343 | Depths:4 | Reached XP level 26. HP: 182/187 MP: 30/30
 52632 | Depths:4 | Found a one-way gate to the infinite horrors of the Abyss.
 53049 | Depths:5 | Entered Level 5 of the Depths
 53318 | Depths:5 | Reached skill level 25 in Fighting
 53590 | Depths:5 | Found a gate to the Realm of Zot.
 53686 | Depths:5 | Found a gateway to a ziggurat.
 54289 | Zot:1    | Entered Level 1 of the Realm of Zot
 54633 | Zot:1    | Received a gift from Okawaru
 55089 | Zot:1    | Identified the ring "Quthrael" {rPois rN+ MP-9 Str+7 Stlth+} (You found it on level 3 of the Depths)
 55338 | Zot:1    | Received a gift from Okawaru
 55456 | Zot:1    | Reached XP level 27. HP: 156/195 MP: 21/30
 56558 | Zot:2    | Reached skill level 26 in Fighting
 57392 | Zot:2    | Received a gift from Okawaru
 58327 | Zot:3    | Received a gift from Okawaru
 59856 | Zot:5    | Entered Level 5 of the Realm of Zot
 59902 | Zot:5    | Found a sparkling altar of Nemelex Xobeh.
 59981 | Zot:5    | Received a gift from Okawaru
 60104 | Zot:5    | Found a sparkling altar of Nemelex Xobeh.
 60331 | Zot:5    | Reached skill level 27 in Fighting
 60607 | Zot:5    | Received a gift from Okawaru
 60665 | Zot:5    | HP: 6/199 [Orb Guardian (4)]
 60669 | Zot:5    | Slain by an Orb Guardian

Skill      XL: |  1  2  3  4  5  6  7  8  9 10 11 12 13 14 15 16 17 18 19 20 21 22 23 24 25 26 27 |
---------------+----------------------------------------------------------------------------------+-----
Maces & Flails | 3 4 6 7 9 11 12 13 14 15 16 17 18 19 20 21 22 23 24 25 | 25.4
Fighting       | 5 7 9 10 12 13 14 16 17 18 19 20 21 22 23 24 25 27 | 27.0
Armour         | 5 6 8 9 11 12 13 14 15 16 17 18 19 20 21 | 21.1
Invocations    | 7 10 | 10.2
Shields        | 5 9 10 12 13 14 15 16 17 18 19 20 21 22 23 | 23.8

Action                   |  1- 3 |  4- 6 |  7- 9 | 10-12 | 13-15 | 16-18 | 19-21 | 22-24 | 25-27 || total
-------------------------+-------+-------+-------+-------+-------+-------+-------+-------+-------++-------
Melee: Flail             |   198 |   272 |   218 |       |       |       |       |       |       ||   688
       Dire flail        |       |       |   271 |   513 |       |       |       |       |       ||   784
       Whip              |       |       |       |    96 |       |       |       |       |       ||    96
       Demon whip        |       |       |       |   357 |  1538 |  2737 |  3337 |  3082 |  3650 || 14701
       Eveningstar       |       |       |       |       |   118 |       |       |       |       ||   118
Invok: Finesse           |       |       |       |       |     2 |     2 |     3 |     1 |     1 ||     9
       Heroism           |       |       |       |       |     1 |       |       |     1 |       ||     2
 Abil: Fly               |       |       |       |       |     1 |       |       |       |       ||     1
  Use: Scroll            |       |       |     8 |     9 |     3 |    13 |     7 |     5 |     8 ||    53
       Potion            |       |       |     1 |     2 |     3 |       |     1 |     2 |     4 ||    13
 Stab: Invisible         |       |       |       |       |       |     1 |       |       |       ||     1
       Distracted        |       |       |       |       |       |       |       |     2 |     1 ||     3
  Eat: Chunk             |     2 |     7 |     9 |    12 |    22 |    34 |    33 |    26 |    31 ||   176
       Bread ration      |       |       |     1 |       |     1 |       |       |       |       ||     2
       Meat ration       |       |       |       |     3 |       |       |       |       |       ||     3
       Fruit             |       |       |       |       |     1 |       |       |       |       ||     1
       Royal jelly       |       |       |       |       |       |     2 |       |     1 |     4 ||     7
Armor: Scale mail        |   133 |    65 |       |       |       |       |       |       |       ||   198
       Plate armour      |       |    77 |   317 |   518 |   150 |       |       |       |       ||  1062
       Crystal plate arm |       |       |       |       |  1148 |  1704 |  1889 |  2352 |  2553 ||  9646
Dodge: Dodged            |    92 |    61 |   102 |   331 |   499 |   642 |   782 |   989 |   842 ||  4340
Block: Shield            |   153 |   118 |    93 |       |       |       |       |       |       ||   364
       Buckler           |       |       |       |    90 |   508 |   862 |   938 |  1357 |  1456 ||  5211
